 Dungeon Crawl Stone Soup version 0.16-a0-3661-g910cf96 (console) character file.

95 MrRokkomies the Insei (level 4, 0/30 HPs)
             Began as an Octopode Transmuter on Jan 17, 2015.
             Was an Initiate of Cheibriados.
             Slain by an orc
             ... wielding a +0 dagger
              (2 damage)
             ... on level 3 of the Dungeon.
             The game lasted 00:07:59 (2085 turns).

MrRokkomies the Insei (Octopode Transmuter)         Turns: 2085, Time: 00:07:59

Health: 0/30       AC:  1    Str: 10      XL:     4   Next: 65%
Magic:  0/6        EV: 12    Int: 22      God:    Cheibriados [......]
Gold:   118        SH:  0    Dex: 12 (13) Spells: 2 memorised, 3 levels left

rFire  . . .     SeeInvis .       - Unarmed
rCold  . . .     Clarity  .     (no shield)
rNeg   . . .     SustAb   .     (helmet restricted)
rPois  .         Gourm    .     (no amulet)
rElec  .         Spirit   .     (no ring)
rCorr  .         Warding  .     (no ring)
rMut   .         Stasis   .     (no ring)
MR     .....                    (no ring)
Stlth  +++.......               (no ring)
                                (no ring)
                                (no ring)
                                (no ring)

@: brilliant, lethally poisoned, very slightly contaminated, hasted, quick, not
resistant to hostile enchantments, fairly stealthy
A: almost no armour, amphibious, 8 rings, constrict 8, tentacle spike 1,
camouflage 1, low mp 1, gelatinous body 1
a: Bend Time, Renounce Religion


You were on level 3 of the Dungeon.
You worshipped Cheibriados.
Cheibriados was noncommittal.
You were very hungry.

You visited 1 branch of the dungeon, and saw 3 of its levels.

You collected 118 gold pieces.

Inventory:

Missiles
 b - 12 arrows
 c - 30 stones (quivered)
Scrolls
 h - 4 scrolls of remove curse
 o - 3 scrolls of amnesia
Potions
 e - a potion of haste
 g - a potion of brilliance
 i - a potion of heal wounds {unknown}
 j - a potion of mutation
 k - a potion of cancellation {unknown}
 l - a potion of cure mutation {unknown}
 m - a potion of curing {unknown}
 n - a potion of poison
Books
 d - a book of Changes

   Spells                             Type                      Level
   a - Beastly Appendage              Transmutation                1
   b - Sticks to Snakes               Transmutation                2
   c - Spider Form                    Transmutation/Poison         3
   d - Ice Form                       Ice/Transmutation            4
   e - Blade Hands                    Transmutation                5
Comestibles
 a - 3 bread rations


   Skills:
 * Level 2.5 Fighting
 - Level 2.0 Dodging
 + Level 2.2 Stealth
 * Level 4.2 Unarmed Combat
 - Level 2.0 Spellcasting
 - Level 2.0 Transmutations


You had 3 spell levels left.
You knew the following spells:

 Your Spells              Type           Power        Failure   Level  Hunger
a - Beastly Appendage     Trmt           ###...       1%          1    #......
b - Spider Form           Trmt/Pois      ###.......   3%          3    ###....


Dungeon Overview and Level Annotations

Branches:
Dungeon (3/15)

Altars:
Cheibriados
Okawaru


Innate Abilities, Weirdness & Mutations

You cannot wear most types of armour.
You are amphibious.
You can wear up to eight rings at the same time.
You can use your tentacles to constrict many enemies at once.
Your skin changes colour to match your surroundings (Stealth).
Your rubbery body absorbs attacks (AC +1).
One of your tentacles bears a spike.
Your magical capacity is low (-10% MP).


Message History

The orc hits you with a dagger.
* * * LOW HITPOINT WARNING * * *
Drink which item? (? for menu, Esc to quit)
It was a potion of mutation.
You feel extremely strange.
You feel less energetic.
One of your lower tentacles grows a sharp spike.
The orc barely misses you.
Drink which item? (? for menu, Esc to quit)
It was a potion of poison.
That liquid tasted very nasty...
You are lethally poisoned!
* * * LOW HITPOINT WARNING * * *
You feel sick.
Drink which item? (? for menu, Esc to quit)
It was a potion of degeneration.
There was something very wrong with that liquid.
You feel clumsy.
* * * LOW HITPOINT WARNING * * *
You feel sick. The orc hits you with a dagger.
You die...

######## #...<.†##### .
### #.##.......# ... ...
#.#.###.# ... ..#
.....#.###.## .. #.#
#.##......).# #.###.#
#.##.#.#.._.#
..##.####......##...# #
#.##@#.>.....##.....#
#.##.##o#.......##.##.##
#...o.oo#.......##.##.#
####.####.............#
#.......#......#.....##
#(##$##o#......#.###.# #
#.##.#......#.# #.#
#[.#o###.####.# .#
##.#o#.....##>. #


You could see 3 orcs.

Vanquished Creatures
  3 adders
  A gnoll (D:1)
  A worm (D:2)
  An orc (D:3)
  3 ball pythons (D:2)
  6 giant cockroaches
  3 goblins
  5 hobgoblins
  4 jackals (D:2)
  8 kobolds
  A quokka (D:2)
  10 bats
  A giant gecko (D:1)
  A giant newt (D:1)
  6 rats
54 creatures vanquished.

Notes
Turn   | Place    | Note
--------------------------------------------------------------
     0 | D:1      | MrRokkomies, the Octopode Transmuter, began the quest for the Orb.
     0 | D:1      | Reached XP level 1. HP: 13/13 MP: 3/3
   276 | D:1      | Reached XP level 2. HP: 12/18 MP: 4/4
   315 | D:1      | Reached skill level 1 in Stealth
   616 | D:1      | Reached XP level 3. HP: 21/24 MP: 6/6
  1066 | D:2      | Reached XP level 4. HP: 24/30 MP: 7/7
  1111 | D:2      | Reached skill level 4 in Unarmed Combat
  1440 | D:2      | Found an iron altar of Okawaru.
  1927 | D:3      | Learned a level 3 spell: Spider Form
  1930 | D:3      | Found a snail-covered altar of Cheibriados.
  1938 | D:3      | Became a worshipper of Cheibriados the Contemplative
  2083 | D:3      | Gained mutation: Your magical capacity is low (-10% MP). [potion of mutation]
  2083 | D:3      | Gained mutation: One of your tentacles bears a spike. [potion of mutation]
  2085 | D:3      | Slain by an orc

Action                   |  1- 3 |  4- 6 || total
-------------------------+-------+-------++-------
Melee: Unarmed           |    65 |    51 ||   116
Throw: Stone             |       |    20 ||    20
 Cast: Beastly Appendage |     3 |     3 ||     6
  Use: Scroll            |     5 |     1 ||     6
       Potion            |       |     5 ||     5
 Stab: Sleeping          |     5 |     5 ||    10
  Eat: Chunk             |       |     3 ||     3
